 Dungeon Crawl Stone Soup version 0.20.0-15-g7f486f2 (webtiles) character file.

637 donomii the Magician (level 7, -5/54 HPs)
             Began as a Formicid Wizard on June 11, 2017.
             Was a Believer of Vehumet.
             Killed by divine providence
             ... invoked by an orc priest
              (13 damage)
             ... on level 5 of the Dungeon.
             The game lasted 00:17:16 (4529 turns).

donomii the Magician (Formicid Wizard)              Turns: 4529, Time: 00:17:17

Health: -5/54      AC:  8    Str: 13    XL:     7   Next: 80%
Magic:  13/13      EV: 12    Int: 18    God:    Vehumet [**....]
Gold:   272        SH:  0    Dex:  9    Spells: 12/14 levels left

rFire    . . .     SeeInvis +   K - +0 whip (drain)
rCold    + . .     Gourm    .   (no shield)
rNeg     . . .     Faith    .   C - +1 leather armour {rC+}
rPois    .         Spirit   .   (helmet unavailable)
rElec    .         Reflect  .   (no cloak)
rCorr    .         Harm     +   B - +2 pair of gloves
MR       +....                  I - +0 pair of boots
Stlth    ++........             h - amulet of harm
Regen    0.2/turn               R - ring of teleportation (curse)
MPRegen  0.2/turn               F - ring of protection from magic

@: flying
A: permanent stasis, dig shafts and tunnels, four strong arms, antennae 3
a: Dig, Shaft Self, Renounce Religion


You were on level 5 of the Dungeon.
You worshipped Vehumet.
Vehumet was pleased with you.
You were not hungry.

You visited 1 branch of the dungeon, and saw 6 of its levels.

You collected 272 gold pieces.

Inventory:

Hand Weapons
 g - a +0 short sword
 j - a +1 dagger of flaming
 K - a +0 whip of draining (weapon)
Armour
 a - a +0 robe
 p - a +0 ring mail
 z - a +0 chain mail
 B - a +2 pair of gloves (worn)
 C - a +1 leather armour of cold resistance (worn)
 I - a +0 pair of boots (worn)
Jewellery
 h - an amulet of harm (around neck)
 y - an uncursed ring of protection from cold
 E - an uncursed ring of resist corrosion
 F - a ring of protection from magic (right hand)
 M - an uncursed ring of see invisible
 R - a cursed ring of teleportation (left hand)
Wands
 A - a wand of random effects (12/48)
 J - a wand of iceblast (12/15)
Scrolls
 d - a scroll of random uselessness {unknown}
 f - 2 scrolls of remove curse
 k - a scroll of magic mapping {unknown}
 l - 2 scrolls of immolation {unknown}
 s - 4 scrolls of enchant armour {unknown}
 t - a scroll of recharging {unknown}
 w - 2 scrolls of teleportation {unknown}
 x - 3 scrolls of identify {unknown}
 H - 4 scrolls of blinking {unknown}
 O - 2 scrolls of fog {unknown}
Potions
 e - a potion of ambrosia {unknown}
 i - 2 potions of flight
 m - 2 potions of magic
 n - a potion of brilliance {unknown}
 o - 2 potions of lignification {unknown}
 q - 3 potions of agility {unknown}
 r - 2 potions of heal wounds {unknown}
 u - a potion of haste {unknown}
 L - 2 potions of mutation {unknown}
 N - a potion of invisibility {unknown}
 P - a potion of degeneration {unknown}
 Q - a potion of curing {unknown}
Books
 b - a book of Minor Magic

   Spells                             Type                      Level
   a - Magic Dart                     Conjuration                  1
   b - Blink                          Translocation                2
   c - Call Imp                       Summoning                    2
   d - Slow                           Hexes                        2
   e - Conjure Flame                  Conjuration/Fire             3
   f - Mephitic Cloud                 Conjuration/Poison/Air       3
 G - a book of Callings

   Spells                             Type                      Level
   a - Summon Small Mammal            Summoning                    1
   b - Call Imp                       Summoning                    2
   c - Call Canine Familiar           Summoning                    3
   d - Summon Guardian Golem          Hexes/Summoning              3
   e - Summon Lightning Spire         Summoning/Air                4
   f - Summon Ice Beast               Ice/Summoning                4
Comestibles
 c - 4 bread rations
 v - 2 royal jellies
 D - 2 chunks of flesh


   Skills:
 + Level 4.1 Fighting
 - Level 2.5 Short Blades
 + Level 2.4 Maces & Flails
 + Level 3.2 Throwing
 - Level 3.1 Dodging
 - Level 2.4 Stealth
 + Level 4.3 Spellcasting
 - Level 1.1 Conjurations
   Level 1.0 Summonings
   Level 0.8 Translocations


You had 12 spell levels left.
You knew the following spells:

 Your Spells              Type           Power        Failure   Level  Hunger
a - Magic Dart            Conj           #...         12%         1    None
b - Freeze                Ice            #...         19%         1    None


Dungeon Overview and Level Annotations

Branches:
Dungeon (6/15)
 Temple: D:4-7

Altars:
Vehumet

Annotations:
D:6 Eustachio, Menkaure


Innate Abilities, Weirdness & Mutations

You cannot be hasted, slowed, berserked, paralysed or teleported.
You can dig through walls and to a lower floor.
Your four strong arms can wield two-handed weapons with a shield.
You have a pair of large antennae on your head. (SInv)


Message History

Aim: an orc warrior, wielding a war axe and wearing a plate armour (lightly wounded)
The orc warrior appears confused.
Evoking this partially-identified wand wasted a few charges.
The orc warrior barely misses itself.
You hit the orc warrior. You drain the orc warrior!
The orc warrior is moderately wounded.
The orc warrior disappears!
You hit the orc priest.
The orc priest is heavily wounded.
The orc priest mumbles some strange prayers to Beogh against you.
Beogh smites you!
* * * LOW HITPOINT WARNING * * *
It was a potion of flight.
You feel very buoyant.
You fly up into the air.
The orc priest looks braver for a moment.
It was a potion of magic.
Magic courses through your body.
The orc priest calls down the wrath of Beogh upon you.
Beogh smites you!
You die...

......##.........# #.#
......##.........# #.#
###...##.........# ########'#
#.#............# #.........
###.#...........########.##......
#..........#####......##.##......
#..........+ #S####.##.##......
#>.........###.#o####.##.##......
#..............#@##......#.......
#.[..###########.##.#.####.......
#..........[..##.##.#......#.....
#############.##.##.#..#####.#.#.
#.##.##.#.(#.....#.#.
###.##.##.#..#.#####.#.
#......##....#.#####.#.
#.#..................#.
#............#.########


You could see an orc priest and an adder.

Vanquished Creatures
  Sigmund (D:5)
  Blork the orc (D:6)
  A howler monkey (D:5)
  A hound (D:4)
  2 orc wizards (D:6)
  A bullfrog skeleton (D:5)
  Jessica (D:2)
  An iguana (D:4)
  Ijyb (D:3)
  A worker ant (D:4)
  A hound skeleton (D:4)
  Robin (D:3)
  3 adders
  2 oozes
  4 worms
  2 dart slugs
  A leopard gecko (D:1)
  An orc (D:5)
  7 giant cockroaches
  11 hobgoblins
  7 jackals
  2 quokkas
  3 ball pythons
  6 bats
  5 frilled lizards
  14 goblins
  8 kobolds
  2 leopard gecko skeletons
  A quokka zombie (D:6)
  4 rats
96 creatures vanquished.

Notes
Turn   | Place    | Note
-------+----------+-------------------------------------------
     0 | D:1      | donomii the Formicid Wizard began the quest for the Orb.
     0 | D:1      | Reached XP level 1. HP: 13/13 MP: 4/4
   125 | D:1      | Reached skill level 1 in Conjurations
   249 | D:1      | Reached XP level 2. HP: 18/19 MP: 0/6
   624 | D:1      | Reached skill level 1 in Fighting
   624 | D:1      | Reached XP level 3. HP: 21/26 MP: 8/8
   917 | D:2      | Reached skill level 1 in Short Blades
  1027 | D:2      | Reached XP level 4. HP: 32/32 MP: 9/9
  1321 | D:2      | Noticed Jessica
  1331 | D:2      | Killed Jessica
  1331 | D:2      | Reached skill level 1 in Throwing
  1415 | D:2      | Reached XP level 5. HP: 38/38 MP: 10/10
  1667 | D:3      | Noticed Ijyb
  1672 | D:3      | Killed Ijyb
  1965 | D:3      | Found a faded altar of an unknown god.
  2045 | D:3      | Became a worshipper of Vehumet
  2045 | D:3      | Reached * piety under Vehumet
  2045 | D:3      | Offered knowledge of Flame Tongue by Vehumet.
  2070 | D:3      | Noticed Robin
  2332 | D:3      | Killed Robin
  2659 | D:4      | Reached XP level 6. HP: 46/46 MP: 11/11
  3605 | D:5      | Entered Level 5 of the Dungeon
  3658 | D:5      | Reached skill level 1 in Maces & Flails
  3830 | D:5      | Noticed Sigmund
  3843 | D:5      | Killed Sigmund
  3843 | D:5      | Reached XP level 7. HP: 33/53 MP: 11/13
  4095 | D:6      | Offered knowledge of Freeze by Vehumet.
  4098 | D:6      | Learned a level 1 spell: Freeze
  4173 | D:6      | Noticed Blork the orc
  4186 | D:6      | Killed Blork the orc
  4229 | D:6      | Reached ** piety under Vehumet
  4406 | D:6      | Noticed Menkaure
  4462 | D:6      | Noticed Eustachio
  4529 | D:5      | Killed from afar by an orc priest

Skill      XL: |  1  2  3  4  5  6  7 |
---------------+----------------------+-----
Dodging        | 2 3 |  3.1
Conjurations   | 1 |  1.1
Fighting       | 1 2 3 4 |  4.1
Short Blades   | 1 2 |  2.5
Throwing       | 1 2 3 |  3.2
Maces & Flails | 1 2 |  2.4
Spellcasting   | 4 |  4.3
Stealth        | |  2.4
Summonings     | |  1.0
Translocations | |  0.8

Action                   |  1- 3 |  4- 6 |  7- 9 || total
-------------------------+-------+-------+-------++-------
Melee: Short sword       |     2 |       |       ||     2
       Unarmed           |     2 |       |       ||     2
       Dagger            |    45 |   277 |       ||   322
       Whip              |       |   113 |    65 ||   178
Throw: Javelin           |    17 |    72 |       ||    89
       Throwing net      |       |     2 |       ||     2
 Cast: Magic Dart        |    27 |     8 |     4 ||    39
       Freeze            |       |       |     1 ||     1
Evoke: Wand              |       |       |     2 ||     2
  Use: Scroll            |       |     1 |       ||     1
       Potion            |       |       |     2 ||     2
  Eat: Chunk             |       |     7 |     1 ||     8
       Bread ration      |       |     1 |       ||     1
Armor: Robe              |    10 |       |       ||    10
       Ring mail         |     1 |    19 |       ||    20
       Leather armour    |       |   104 |    30 ||   134
       Chain mail        |       |    11 |       ||    11
Dodge: Dodged            |    41 |   221 |    35 ||   297
